 Dungeon Crawl Stone Soup version 0.19-a0-994-g3c636f0 (webtiles) character file.

29702 George the Fencer (level 13, -3/115 HPs)
             Began as a Minotaur Fighter on July 15, 2016.
             Was a High Priest of Okawaru.
             Slain by a fire crab (9 damage)
             ... on level 4 of the Lair of Beasts.
             The game lasted 00:34:24 (16760 turns).

George the Fencer (Minotaur Fighter)               Turns: 16760, Time: 00:34:25

Health: -3/115     AC: 16    Str: 26    XL:     13   Next: 16%
Magic:  18/18      EV: 10    Int:  5    God:    Okawaru [*****.]
Gold:   646        SH:  9    Dex:  8    Spells: 0 memorised, 12 levels left

rFire  . . .     SeeInvis +     T - +2 scimitar (flame)
rCold  + . .     Gourm    .     u - +3 scale mail of Ajiow {+Blink rC+ Str+3 Dex-5}
rNeg   . . .     Faith    .     O - +3 warlock's mirror {reflect}
rPois  .         Spirit   .     W - +2 hat {SInv}
rElec  .         Dismiss  .     Y - +0 cloak
rCorr  .         Reflect  +     A - +0 pair of gloves
SustAt .         Harm     .     (no boots)
MR     .....                    (no amulet)
Stlth  ..........               (no ring)
                                s - ring of flight

@: not resistant to hostile enchantments, extremely unstealthy
A: retaliatory headbutt, horns 2
a: Heroism, Finesse, Renounce Religion, Evoke Blink, Evoke Flight


You were on level 4 of the Lair of Beasts.
You worshipped Okawaru.
Okawaru was extremely pleased with you.
You were not hungry.

You visited 3 branches of the dungeon, and saw 17 of its levels.

You collected 721 gold pieces.
You spent 75 gold pieces at shops.

Inventory:

Hand Weapons
 T - a +2 scimitar of flaming (weapon)
Armour
 u - the +3 scale mail of Ajiow (worn) {+Blink rC+ Str+3 Dex-5}
   (Okawaru gifted it to you on level 2 of the Lair of Beasts)

   It affects your strength (+3).
   It affects your dexterity (-5).
   It protects you from cold.
   It lets you blink.
 A - a +0 pair of gloves (worn)
 O - the +3 warlock's mirror (worn) {reflect}
   (You found it on level 12 of the Dungeon)
 W - a +2 hat of see invisible (worn)
 Y - a +0 cloak (worn)
Jewellery
 s - a ring of flight (left hand)
Wands
 v - a wand of acid (9/15)
 C - a wand of lightning (10/15)
 D - a wand of digging (15/24)
 F - a wand of iceblast (14/15)
 I - a wand of iceblast (6/15)
 J - a wand of slowing (15/48)
 N - a wand of flame (34/48)
 S - a wand of slowing (20/48)
 U - a wand of lightning (7/15)
Scrolls
 l - 3 scrolls of recharging
 n - 3 scrolls of magic mapping
 o - 5 scrolls of enchant armour
 p - 2 scrolls of enchant weapon
 y - 6 scrolls of teleportation
 z - 14 scrolls of remove curse
 H - a scroll of blinking
 Z - 3 scrolls of identify
Potions
 d - a potion of might
 g - 6 potions of heal wounds
 i - 2 potions of haste
 j - 4 potions of mutation
 x - a potion of invisibility
 B - 2 potions of flight
 E - a potion of ambrosia
 G - 6 potions of curing
 K - 2 potions of agility
 L - a potion of cancellation
 M - 2 potions of magic
 P - a potion of cure mutation
Miscellaneous
 w - a phial of floods
Comestibles
 f - 7 bread rations
 m - 3 beef jerkies
 t - 3 slices of pizza
 Q - 17 fruits
 R - 4 meat rations
 X - a chunk of flesh


   Skills:
 + Level 10.8 Fighting
 + Level 16.6 Long Blades
 + Level 10.9 Armour
 + Level 10.9 Shields
 + Level 8.8 Invocations


You had 12 spell levels left.
You didn't know any spells.

Dungeon Overview and Level Annotations

Branches:
Dungeon (12/15)            Temple (1/1) D:7            Lair (4/6) D:10
 Spider (0/4) Lair:3          Orc (0/2) D:9
  Swamp: Lair:2-4    Shoals: Lair:2-4

Altars:
Ashenzari
Cheibriados
Dithmenos
Elyvilon
Fedhas
Gozag
Hepliaklqana
Kikubaaqudgha
Makhleb
Nemelex Xobeh
Okawaru
Pakellas
Qazlal
Ru
Sif Muna
Trog
Uskayaw
Vehumet
Xom
Yredelemnul
Zin
The Shining One

Shops:
D:7 (?!*}   D:8 :


Innate Abilities, Weirdness & Mutations

You reflexively headbutt those who attack you in melee.
You have a pair of horns on your head.


Message History

The fire crab claws you.
You are engulfed in flames!
You hit the fire crab but do no damage.
You headbutt the fire crab, but do no damage.
The fire crab is severely wounded.
The fire crab barely misses you.
You riposte.
You completely miss the fire crab. Your headbutt misses the fire crab.
The fire crab is severely wounded.
The fire crab closely misses you.
You hit the fire crab. Your headbutt misses the fire crab.
The fire crab is severely wounded.
You hit the fire crab.
The fire crab is almost dead.
The fire crab bites you!
* * * LOW HITPOINT WARNING * * *
You are engulfed in flames!
* * * LOW HITPOINT WARNING * * *
The fire crab claws you!
* * * LOW HITPOINT WARNING * * *
You are engulfed in flames!
You die...

#.#+.P#.## #
##..P....##
#.###P........#
....<+.......##
..?....%......#
##.#.......§..#
# ##.....§..##
###..##+#.#
##@t...##
#..#### ....#
#...## .....
....... ....%P#
...!..P#


You could see a fire crab.

Vanquished Creatures
  Josephine (D:11)
  A hydra (Lair:2)
  Erica (Lair:1)
  Nergalle (D:12)
  An unseen horror (D:10)
  Pikel (D:5)
  4 hill giants
  The ghost of Shenda the Slasher, a novice VSFi of Okawaru (D:8)
  2 black mambas
  A griffon (Lair:4)
  Maurice (D:9)
  A gargoyle (D:11)
  3 spiny frogs
  A kobold demonologist (D:9)
  A rime drake (Lair:2)
  3 komodo dragons
  2 trolls
  2 two-headed ogres
  Prince Ribbit (D:9)
  5 blink frogs (Lair:2)
  2 shadows
  4 wyverns
  Eustachio (D:5)
  2 spriggans
  7 wraiths
  28 yaks
  A hungry ghost (D:8)
  A steam dragon (D:9)
  3 vampire mosquitoes (D:12)
  3 basilisks
  4 hippogriffs
  Edmund (D:5)
  A soldier ant (D:12)
  Duvessa (D:7)
  7 water moccasins
  5 porcupines
  7 orc warriors
  2 ice beasts
  A swamp drake (D:9)
  3 phantoms
  2 black bears
  3 sky beasts
  5 ogres
  8 wolves (Lair:3)
  A slave (D:5)
  3 centaurs
  7 crocodiles
  2 big kobolds (D:10)
  17 giant frogs
  A wyvern zombie (D:11)
  Dowan (D:7)
  9 scorpions
  2 water moccasin skeletons
  11 wights
  6 killer bees (D:8)
  2 howler monkeys (D:9)
  8 crimson imps
  A centaur zombie (D:8)
  2 quasits
  4 hounds
  A giant frog zombie (D:11)
  An iron imp (D:5)
  5 jellies
  3 giant frog skeletons
  5 iguanas
  16 orc wizards
  5 orc priests
  Natasha (thrice) (D:4)
  10 worker ants
  A killer bee zombie (D:9)
  2 hound skeletons
  A worker ant zombie (D:8)
  15 adders
  19 river rats
  A shadow imp (D:6)
  2 oozes
  An adder zombie (D:8)
  3 adder skeletons
  2 worms (D:2)
  3 dart slugs
  4 giant geckos
  41 orcs
  5 bats
  11 giant cockroaches
  10 goblins
  8 hobgoblins
  16 jackals
  14 kobolds
  2 quokkas
  3 ball pythons
  A giant gecko skeleton (D:4)
  A giant gecko zombie (D:6)
  3 giant newts
  2 goblin skeletons (D:5)
  A goblin zombie (D:5)
  3 hobgoblin zombies (D:5)
  A jackal skeleton (D:6)
  A kobold skeleton (D:5)
  A kobold zombie (D:5)
  2 orc zombies (D:5)
  2 quokka skeletons
  2 quokka zombies
  6 rats
452 creatures vanquished.

Vanquished Creatures (others)
  2 adders (D:5)
  A giant gecko (D:5)
  2 quokkas (D:5)
  2 fungi
7 creatures vanquished.

Grand Total: 459 creatures vanquished

Notes
Turn   | Place    | Note
-------+----------+-------------------------------------------
     0 | D:1      | George the Minotaur Fighter began the quest for the Orb.
     0 | D:1      | Reached XP level 1. HP: 19/19 MP: 0/0
    86 | D:1      | Reached skill level 3 in Long Blades
    89 | D:1      | Reached XP level 2. HP: 21/26 MP: 1/1
   497 | D:1      | Reached skill level 4 in Long Blades
   621 | D:2      | Reached XP level 3. HP: 29/31 MP: 2/2
   850 | D:2      | Reached skill level 5 in Long Blades
  1113 | D:2      | Reached XP level 4. HP: 35/39 MP: 3/3
  2052 | D:4      | Reached skill level 6 in Long Blades
  2081 | D:4      | Reached XP level 5. HP: 43/45 MP: 4/4
  2193 | D:4      | Noticed Natasha
  2199 | D:4      | Killed Natasha
  2308 | D:4      | Noticed a phantom
  2316 | D:4      | Killed a phantom
  2316 | D:4      | Reached skill level 7 in Long Blades
  2316 | D:4      | Reached XP level 6. HP: 39/51 MP: 5/5
  2463 | D:4      | Reached skill level 8 in Long Blades
  2520 | D:4      | Noticed Natasha
  2527 | D:4      | Killed Natasha
  2925 | D:4      | Noticed Natasha
  2930 | D:4      | Killed Natasha
  3053 | D:5      | Entered Level 5 of the Dungeon
  3066 | D:5      | Reached skill level 9 in Long Blades
  3181 | D:5      | Found a glowing golden altar of the Shining One.
  3194 | D:5      | Reached XP level 7. HP: 38/57 MP: 6/6
  3344 | D:5      | Noticed Eustachio
  3359 | D:5      | Noticed Pikel
  3378 | D:5      | Killed Pikel
  3378 | D:5      | Reached skill level 11 in Long Blades
  3378 | D:5      | Reached XP level 8. HP: 16/64 MP: 7/7
  3388 | D:5      | Killed Eustachio
  3712 | D:5      | Reached skill level 12 in Long Blades
  3979 | D:5      | Noticed Edmund
  3993 | D:5      | Killed Edmund
  4216 | D:6      | Reached skill level 13 in Long Blades
  4931 | D:7      | Found Esetouji's Magic Scroll Boutique.
  4953 | D:7      | Reached XP level 9. HP: 70/70 MP: 8/8
  4993 | D:7      | Found Foti's Gadget Shoppe.
  5013 | D:7      | Found Oczouc's General Store.
  5088 | D:7      | Found an ancient bone altar of Kikubaaqudgha.
  5092 | D:7      | Found a staircase to the Ecumenical Temple.
  5092 | D:7      | Found a blossoming altar of Fedhas.
  5110 | D:7      | Found Ykiwk's Antique Weapon Shop.
  5124 | Temple   | Entered the Ecumenical Temple
  5201 | Temple   | Became a worshipper of Warmaster Okawaru
  5455 | D:7      | Noticed Dowan
  5465 | D:7      | Reached skill level 1 in Invocations
  5679 | D:7      | Killed Dowan
  5796 | D:7      | Noticed Duvessa
  5810 | D:7      | Killed Duvessa
  5810 | D:7      | Reached skill level 14 in Long Blades
  5872 | D:7      | Found Mogoe's Distillery.
  5889 | D:7      | Bought a potion of heal wounds for 75 gold pieces
  6140 | D:8      | Noticed a hill giant
  6156 | D:8      | Killed a hill giant
  6156 | D:8      | Reached * piety under Okawaru
  6156 | D:8      | Reached skill level 5 in Fighting
  6156 | D:8      | Reached skill level 5 in Armour
  6165 | D:8      | Reached skill level 5 in Shields
  6287 | D:8      | Found Hegyque's Book Boutique.
  6517 | D:8      | Noticed Shenda's ghost (novice VSFi)
  6891 | D:8      | Killed Shenda's ghost
  6891 | D:8      | Reached ** piety under Okawaru
  6891 | D:8      | Reached XP level 10. HP: 54/83 MP: 11/11
  7610 | D:8      | Found a hide-covered altar of Uskayaw.
  7610 | D:8      | Found a shadowy altar of Dithmenos.
  8036 | D:9      | Noticed Maurice
  8061 | D:9      | Killed Maurice
  8367 | D:9      | Reached *** piety under Okawaru
  9364 | D:9      | Noticed Prince Ribbit
  9378 | D:9      | Killed Prince Ribbit
  9378 | D:9      | Reached **** piety under Okawaru
  9378 | D:9      | Reached skill level 15 in Long Blades
  9378 | D:9      | Reached skill level 5 in Invocations
  9558 | D:9      | Found a radiant altar of Vehumet.
  9990 | D:9      | Reached XP level 11. HP: 78/92 MP: 13/13
 10021 | D:9      | Found a staircase to the Orcish Mines.
 10252 | D:10     | Entered Level 10 of the Dungeon
 10545 | D:10     | Found a staircase to the Lair.
 10865 | D:10     | Reached ***** piety under Okawaru
 11016 | D:10     | Received a gift from Okawaru
 11288 | D:10     | Noticed an unseen horror
 11305 | D:10     | Killed an unseen horror
 11563 | D:11     | Found a shimmering altar of Xom.
 11885 | D:11     | Noticed a hill giant
 11890 | D:11     | Noticed Josephine
 11902 | D:11     | Killed a hill giant
 11919 | D:11     | Killed Josephine
 12344 | D:11     | Noticed a hill giant
 12354 | D:11     | Killed a hill giant
 12371 | D:11     | Reached XP level 12. HP: 83/104 MP: 16/16
 13509 | D:12     | Noticed Nergalle
 13520 | D:12     | Killed Nergalle
 13865 | Lair:1   | Entered Level 1 of the Lair of Beasts
 13936 | Lair:1   | Noticed Erica
 13949 | Lair:1   | Killed Erica
 13949 | Lair:1   | Reached skill level 16 in Long Blades
 14097 | Lair:1   | Reached skill level 10 in Shields
 14405 | Lair:1   | Reached skill level 10 in Fighting
 14559 | Lair:2   | Reached skill level 10 in Armour
 15008 | Lair:2   | Received a gift from Okawaru
 15009 | Lair:2   | Got a crude scale mail {god gift}
 15020 | Lair:2   | Identified the +3 scale mail of Ajiow {+Blink rC+ Str+3 Dex-5} (Okawaru gifted it to you on level 2 of the Lair of Beasts)
 15192 | Lair:2   | Noticed a six-headed hydra
 15197 | Lair:2   | Killed a two-headed hydra
 15523 | Lair:3   | Found a hole to the Spider Nest.
 16097 | Lair:3   | Reached XP level 13. HP: 114/114 MP: 18/18
 16760 | Lair:4   | Slain by a fire crab

Vault maps used:
D:1:      minmay_arrival_up_and_down
D:3:      first_bread
D:4:      uniq_natasha
D:5:      nicolae_tso_besieged_by_evil, uniq_pikel, uniq_edmund, uniq_eustachio
D:7:      grunt_temple_overflow_growth_and_decay, serial_shops,
          nicolae_shop_competitors_out_of_business, nicolae_shop_crystal, shop,
          shop, nicolae_shop_waterfront, corexii_item_surrounded_by_moat,
          uniq_duvessa
D:8:      gammafunk_temple_overflow_elements, serial_shops, nicolae_shop_stone,
          the_bakery
D:9:      kennysheep_mini, erik_orc_1, uniq_maurice, uniq_prince_ribbit1
D:10:     minmay_lair_entry_grove
D:11:     basic_altar, uniq_josephine
D:12:     uniq_nergalle
Temple:   eino_temple_scatter_basement
Lair:1:   uniq_erica
Lair:2:   grunt_forest_large_clearing_hut
Lair:3:   nicolae_spider_entry_non_spiders, patterned_corridor
Lair:4:   shoals_dummy_entry, basic_altar, grunt_megastairs_2,
          lemuel_fruit_fields, uniq_nessos

Skill      XL: |  1  2  3  4  5  6  7  8  9 10 11 12 |
---------------+-------------------------------------+-----
Long Blades    | 3 4 5 6 7 9 11 13 14 15 16 | 16.6
Fighting       | 5 7 9 10 | 10.8
Shields        | 5 7 9 10 | 10.9
Invocations    | 3 5 6 8 |  8.8
Armour         | 5 7 9 10 | 10.9

Action                   |  1- 3 |  4- 6 |  7- 9 | 10-12 | 13-15 || total
-------------------------+-------+-------+-------+-------+-------++-------
Melee: Long sword        |   120 |   149 |   393 |   930 |       ||  1592
       Headbutt          |    17 |    24 |    72 |   224 |    18 ||   355
       Scimitar          |       |       |       |   246 |    89 ||   335
Invok: Heroism           |       |       |       |     1 |       ||     1
       Finesse           |       |       |       |     1 |       ||     1
  Use: Potion            |       |       |     1 |     2 |       ||     3
       Scroll            |       |       |       |    24 |     1 ||    25
 Stab: Confused          |       |       |       |     1 |       ||     1
  Eat: Chunk             |     1 |     7 |    12 |    32 |     2 ||    54
Armor: Scale mail        |    47 |    52 |    42 |    43 |    30 ||   214
       Chain mail        |       |       |    78 |    63 |       ||   141
       Plate armour      |       |       |       |   318 |       ||   318
Dodge: Dodged            |    36 |    41 |    61 |   200 |    32 ||   370
Block: Shield            |    45 |    71 |   142 |   355 |       ||   613
       Buckler           |       |       |       |    99 |    33 ||   132
       Reflection        |       |       |       |     1 |     1 ||     2
